[Event "Titled Tuesday Blitz May 16 Late 2023"]
[White "Mickiewicz, Piotr"]
[Black "Erzhanov, Arman"]
[WhiteFideId "1114891"]
[BlackFideId "4138821"]
[WhiteElo "2246"]
[BlackElo "2138"]
[Result "1-0"]
[Round "08"]
[TimeControl "180+2"]
[Date "2023.05.16"]
[WhiteClock "0:00:13"]
[BlackClock "0:00:18"]

1. c4 d6 2. d4 e5 3. Nf3 e4 4. Nfd2 f5 5. Nc3 Nf6 6. e3 g6 7. f4 Bg7 8. Be2 O-O 9. O-O c5 10. Nb3 b6 11. Qc2 Nc6 12. Rd1 Qe7 13. a3 Ba6 14. Nb5 Rfd8 15. d5 Nb8 16. Bd2 Bxb5 17. cxb5 h6 18. Bc3 g5 19. fxg5 hxg5 20. Rf1 Qd7 21. Nd2 Rf8 22. a4 a5 23. bxa6 Nxa6 24. Bb5 Qc8 25. Bc6 Ra7 26. Nc4 Qd8 27. Rxf5 Nb4 28. Bxb4 cxb4 29. Raf1 Re7 30. b3 Nh7 31. Qd2 Bc3 32. Qe2 Ref7 33. Rxf7 Rxf7 34. Rxf7 Kxf7 35. Qh5+ Kg7 36. Qe8 Qf6 37. Qxe4 Be1 38. Qf3 Qa1 39. Qf1 Nf6 40. Nxd6 Ng4 41. Nf5+ Kh7 42. Kh1 Nf2+ 43. Kg1 Ne4 44. g3 Qb2 45. Qh3+ Kg6 46. Be8+ Kf6 47. Qh8+ Kxf5 48. Qxb2 Bc3 49. Qe2 Nd6 50. Bd7+ Ke5 51. Be6 Ne4 52. h4 Nxg3 53. Qh2 gxh4 54. Qxh4 Ne4 55. Qf4# 1-0


[Site "https://www.chess.com"]

[Event "Titled Tuesday Blitz May 16 Late 2023"]
[White "Aggelis, Nikolaos"]
[Black "Avalos Parra, Joao"]
[WhiteFideId "4213220"]
[BlackFideId "3402541"]
[WhiteElo "2189"]
[BlackElo "2173"]
[Result "1-0"]
[Round "08"]
[TimeControl "180+2"]
[Date "2023.05.16"]
[WhiteClock "0:00:14"]
[BlackClock "0:00:21"]

1. f4 d5 2. e3 Nf6 3. b3 g6 4. Bb2 Bg7 5. Nf3 O-O 6. Be2 c5 7. O-O Bf5 8. Nc3 Nc6 9. d4 cxd4 10. exd4 a6 11. Ne5 Rc8 12. Na4 Nb4 13. c3 Nc2 14. g4 Be4 15. Rc1 Ne3 16. Qd2 Nxf1 17. Rxf1 Nd7 18. Nxd7 Qxd7 19. Nc5 Qc6 20. Nxe4 dxe4 21. Qe3 f5 22. g5 b5 23. h4 Rfd8 24. h5 Qd6 25. Rd1 e6 26. Kg2 Qd7 27. h6 Bf8 28. c4 Bd6 29. d5 Bf8 30. Qd4 e5 31. Qxe5 Kf7 32. Qh8 Qd6 33. Qxh7+ Ke8 34. Be5 Qe7 35. Qxg6+ Qf7 36. Bh5 Qxg6 37. Bxg6+ Kd7 38. Bxf5+ Ke7 39. Bxc8 Rxc8 40. Rd4 bxc4 41. bxc4 Kf7 42. Rxe4 Kg6 43. Kf3 Bc5 44. Bg7 Rb8 45. Kg4 Rb1 46. f5+ Kh7 47. Kh5 Rh1+ 48. Rh4 Rg1 49. g6+ Kg8 50. Be5 Be3 51. h7+ Kf8 52. h8=Q+ Ke7 53. Qf6+ Kd7 54. g7 1-0


[Site "https://www.chess.com"]

[Event "Titled Tuesday Blitz May 16 Late 2023"]
[White "cristianserban1"]
[Black "Buchenau, Frank"]
[BlackFideId "4604350"]
[WhiteElo "2516"]
[BlackElo "2157"]
[Result "1-0"]
[Round "08"]
[TimeControl "180+2"]
[Date "2023.05.16"]
[WhiteClock "0:00:01"]
[BlackClock "0:00:00"]

1. d4 e6 2. Bf4 Nf6 3. e3 d5 4. Nf3 c5 5. Nbd2 Nc6 6. c3 Bd6 7. Bg3 O-O 8. Bd3 b6 9. e4 Be7 10. e5 Nh5 11. a3 a5 12. Qe2 Bb7 13. Ng1 g6 14. Ngf3 a4 15. Qe3 Ba6 16. Bc2 Bb5 17. Bf4 Nxf4 18. Qxf4 f6 19. exf6 Bxf6 20. Qg4 e5 21. dxe5 Nxe5 22. Nxe5 Bxe5 23. Qe6+ Rf7 24. Nf3 Qe8 25. Qxe8+ Rxe8 26. O-O-O Bf4+ 27. Kb1 Bc6 28. Rhe1 Rfe7 29. g3 Bh6 30. Rxe7 Rxe7 31. Re1 Rxe1+ 32. Nxe1 Kf7 33. f4 Bg7 34. Nf3 d4 35. Ng5+ Kg8 36. Ne6 Bf6 37. cxd4 cxd4 38. Bd3 Kf7 39. Bc4 Ke7 40. Nc7 Be4+ 41. Kc1 Kd7 42. Na6 Kc6 43. Nb4+ Kc5 44. Bg8 h5 45. Kd2 d3 46. b3 Kd4 47. bxa4 g5 48. Bf7 gxf4 49. gxf4 Bh4 50. Bxh5 Bf2 51. Na2 Be3+ 52. Kd1 Bxf4 53. Nc1 Bxh2 54. a5 bxa5 55. Nb3+ Kc3 56. Nxa5 1-0


[Site "https://www.chess.com"]

[Event "Titled Tuesday Blitz May 16 Late 2023"]
[White "Bryant, Todd"]
[Black "Karas, Marek"]
[WhiteFideId "2031299"]
[BlackFideId "14928558"]
[WhiteElo "2377"]
[BlackElo "2233"]
[Result "0-1"]
[Round "08"]
[TimeControl "180+2"]
[Date "2023.05.16"]
[WhiteClock "0:00:00"]
[BlackClock "0:00:04"]

1. e4 Nf6 2. e5 Nd5 3. d4 d6 4. c4 Nb6 5. f4 dxe5 6. fxe5 Nc6 7. Be3 Bf5 8. Nc3 e6 9. Nf3 Be7 10. d5 exd5 11. cxd5 Nb4 12. Nd4 Bg6 13. Bb5+ Kf8 14. O-O Kg8 15. d6 cxd6 16. e6 f6 17. h4 h5 18. Qf3 d5 19. Qg3 Kh7 20. Be2 Nc6 21. Qxg6+ Kxg6 22. Bd3+ f5 23. Bxf5+ Kf6 24. Bc2+ Ke5 25. Rf5+ Kd6 26. Ncb5+ Kc5 27. Rc1 Nc4 28. a3 Nxd4 29. Bxd4+ Kxb5 30. Bd3 Rc8 31. b3 Rf8 32. bxc4+ Ka4 33. Bc2+ Kxa3 34. Rf3+ Kb4 35. Rb3+ Kxc4 36. Rd3 Bc5 37. Bb1+ Kb5 38. Rb3+ Bb4 0-1


[Site "https://www.chess.com"]

[Event "Titled Tuesday Blitz May 16 Late 2023"]
[White "Silvestre, Christian"]
[Black "Przybylski, Wojciech"]
[WhiteFideId "30956269"]
[BlackFideId "1117599"]
[WhiteElo "2349"]
[BlackElo "2222"]
[Result "1-0"]
[Round "08"]
[TimeControl "180+2"]
[Date "2023.05.16"]
[WhiteClock "0:00:11"]
[BlackClock "0:00:00"]

1. c4 Nf6 2. Nc3 c5 3. Nf3 Nc6 4. e3 e6 5. Be2 Be7 6. O-O O-O 7. b3 b6 8. Bb2 Bb7 9. d4 d5 10. cxd5 exd5 11. dxc5 bxc5 12. Na4 Rc8 13. Rc1 Nb4 14. a3 Na6 15. Ne5 Ne4 16. f3 Ng5 17. Qd3 f6 18. Ng4 Nb8 19. Rfd1 h5 20. Nf2 Bd6 21. Qg6 Qe8 22. Qxe8 Rfxe8 23. e4 d4 24. Bb5 Red8 25. Nd3 a6 26. Bc4+ Kf8 27. Nb6 Rc6 28. Nd5 Nd7 29. h4 Nf7 30. N5f4 Re8 31. Nxh5 Nde5 32. Bd5 Rb6 33. Nxc5 Bxd5 34. exd5 Bxc5 35. Rxc5 d3 36. b4 Rd6 37. Nf4 Kg8 38. Nxd3 Ng6 39. h5 Nh4 40. Kf2 Nf5 41. Re1 Red8 42. Nf4 Ng5 43. g4 1-0


[Site "https://www.chess.com"]

[Event "Titled Tuesday Blitz May 16 Late 2023"]
[White "Mirzoev, Azer"]
[Black "Figorito, Nick"]
[WhiteFideId "13400304"]
[BlackFideId "30923689"]
[WhiteElo "2525"]
[BlackElo "2342"]
[Result "1-0"]
[Round "08"]
[TimeControl "180+2"]
[Date "2023.05.16"]
[WhiteClock "0:00:06"]
[BlackClock "0:00:04"]

1. e4 e6 2. d3 d5 3. Nd2 Nc6 4. Ngf3 Nf6 5. e5 Nd7 6. d4 f6 7. Bb5 fxe5 8. dxe5 Be7 9. O-O O-O 10. Qe2 a6 11. Bxc6 bxc6 12. c4 a5 13. Nd4 Nb8 14. Qg4 Qd7 15. N2f3 Ba6 16. Nxe6 g6 17. h3 Bxc4 18. Nxf8 Qxg4 19. hxg4 Bxf1 20. Nxg6 hxg6 21. Kxf1 Nd7 22. Bf4 Nc5 23. Nd4 Nd3 24. Nxc6 Bc5 25. Bg3 Nxb2 26. Rc1 Nc4 27. e6 Re8 28. Ne5 Rxe6 29. Nxc4 dxc4 30. Rxc4 Bb4 31. f3 c5 32. Bf2 Rc6 33. Ke2 Kf7 34. Be3 Rd6 35. g5 Rd5 36. g3 Ke6 37. Re4+ Kf7 38. f4 Rd7 39. Re5 Re7 40. Rxe7+ Kxe7 41. Kd3 Kd6 42. Kc4 Kc6 43. g4 Ba3 44. f5 gxf5 45. gxf5 Bb4 46. g6 Kd7 47. Bg5 Ke8 48. f6 Kf8 49. f7 Kg7 50. Bh6+ Kxg6 51. f8=Q Kh7 52. Qg7# 1-0


[Site "https://www.chess.com"]

[Event "Titled Tuesday Blitz May 16 Late 2023"]
[White "Lucas, Arthur"]
[Black "Bjelobrk, Igor"]
[WhiteFideId "26093073"]
[BlackFideId "4300726"]
[WhiteElo "2251"]
[BlackElo "2319"]
[Result "1-0"]
[Round "08"]
[TimeControl "180+2"]
[Date "2023.05.16"]
[WhiteClock "0:00:11"]
[BlackClock "0:00:04"]

1. e4 e6 2. d4 d5 3. Nc3 Bb4 4. e5 b6 5. Bd2 Ne7 6. Nce2 Bxd2+ 7. Qxd2 Ba6 8. c3 c5 9. Nf3 Nbc6 10. h4 h5 11. Nf4 Bxf1 12. Kxf1 Nf5 13. Rh3 cxd4 14. Nxd4 Ncxd4 15. cxd4 Rc8 16. Rc3 Rxc3 17. Qxc3 g6 18. g3 O-O 19. Rc1 Qd7 20. Ne2 Qb5 21. b3 Ne7 22. a4 Qa6 23. Qb4 Rc8 24. Rxc8+ Nxc8 25. Qb5 Qb7 26. Qe8+ Kg7 27. g4 hxg4 28. h5 Ne7 29. h6+ Kxh6 30. Qh8+ Kg5 31. Qf6+ Kh6 32. Qxf7 Qd7 33. Nf4 Qd8 34. Nxe6 Qd7 35. Qg7+ Kh5 36. Qh7# 1-0


[Site "https://www.chess.com"]

[Event "Titled Tuesday Blitz May 16 Late 2023"]
[White "Ismayil, Malak"]
[Black "Harish, Neeraj"]
[WhiteFideId "13412604"]
[BlackFideId "30958130"]
[WhiteElo "1868"]
[BlackElo "1879"]
[Result "1-0"]
[Round "08"]
[TimeControl "180+2"]
[Date "2023.05.16"]
[WhiteClock "0:00:23"]
[BlackClock "0:00:11"]

1. e4 e5 2. Nf3 Nc6 3. Bb5 a6 4. Ba4 Nf6 5. O-O Be7 6. Re1 b5 7. Bb3 O-O 8. d3 Bb7 9. Nc3 d6 10. Bg5 Na5 11. h3 Nxb3 12. axb3 h6 13. Bxf6 Bxf6 14. b4 g6 15. Qd2 Bg7 16. d4 exd4 17. Nxd4 Re8 18. Nd5 c5 19. bxc5 dxc5 20. Nb3 Rc8 21. c3 c4 22. Nd4 Bxd5 23. exd5 Qxd5 24. Rxe8+ Rxe8 25. Rxa6 Rd8 26. Ra5 h5 27. Qe3 Bxd4 28. cxd4 Ra8 29. Rxa8+ Qxa8 30. Qc3 Qd5 31. h4 Qe4 32. g3 Qb1+ 33. Kg2 Qe4+ 34. Kh2 Qd3 35. Qb4 Qxd4 36. Qxb5 Qxf2+ 37. Kh3 Qf5+ 38. Qxf5 gxf5 39. Kg2 Kg7 40. Kf3 Kf6 41. Kf4 Ke6 42. Kg5 Ke5 43. Kxh5 Ke4 44. Kg5 Kd3 45. h5 Kc2 46. h6 Kxb2 47. h7 c3 48. h8=Q Kb3 49. Qh1 c2 50. Qc1 1-0


[Site "https://www.chess.com"]

[Event "Titled Tuesday Blitz May 16 Late 2023"]
[White "Spata, German"]
[Black "merinasian"]
[WhiteFideId "113026"]
[WhiteElo "2260"]
[BlackElo "2434"]
[Result "1-0"]
[Round "08"]
[TimeControl "180+2"]
[Date "2023.05.16"]
[WhiteClock "0:01:25"]
[BlackClock "0:00:11"]

1. Nf3 Nf6 2. e3 e6 3. d4 b6 4. Be2 Bb7 5. O-O Be7 6. b3 O-O 7. Bb2 Ne4 8. c4 f5 9. Nc3 d6 10. Nd2 Nxc3 11. Bxc3 Nd7 12. Bf3 d5 13. cxd5 exd5 14. Nc4 Nf6 15. Ne5 Ne4 16. Bb2 Bd6 17. Rc1 c5 18. Nd3 Qe7 19. dxc5 bxc5 20. Ba3 Rf6 21. Nf4 d4 22. Re1 Nc3 23. Rxc3 dxc3 24. Nd5 Qe5 25. Nxf6+ gxf6 26. Bxb7 Qxh2+ 27. Kf1 Rd8 28. Qd5+ Kg7 29. Qxf5 c2 30. Qxc2 Qh1+ 31. Ke2 Qh5+ 32. Bf3 1-0


[Site "https://www.chess.com"]

[Event "Titled Tuesday Blitz May 16 Late 2023"]
[White "Arnold, Ken"]
[Black "Moore, Nicholas"]
[WhiteFideId "2056836"]
[BlackFideId "4303709"]
[WhiteElo "2384"]
[BlackElo "2564"]
[Result "0-1"]
[Round "08"]
[TimeControl "180+2"]
[Date "2023.05.16"]
[WhiteClock "0:00:02"]
[BlackClock "0:00:08"]

1. d4 d5 2. c4 c6 3. cxd5 cxd5 4. Nc3 Nf6 5. Nf3 Nc6 6. Bg5 a6 7. e3 Bf5 8. Bd3 Bxd3 9. Qxd3 e6 10. O-O h6 11. Bf4 Be7 12. a3 O-O 13. b4 Nd7 14. Na4 Nb6 15. Nxb6 Qxb6 16. Rfc1 Rfc8 17. h3 Na7 18. Ne5 Nb5 19. Qe2 Qd8 20. Qh5 Nd6 21. Rc5 b6 22. Rc6 Rxc6 23. Nxc6 Qd7 24. Ne5 Qe8 25. Qg4 Kh7 26. Rc1 Rc8 27. Qd1 Nc4 28. Qd3+ g6 29. Nxc4 Qc6 30. e4 dxc4 31. Qe2 b5 32. d5 exd5 33. exd5 Qd7 34. d6 Bf6 35. Qe4 Re8 36. Qd5 Qe6 37. Qc6 Rd8 38. Qxa6 Qd5 39. Qb6 Rd7 40. Qc5 Qe6 41. g4 Rb7 42. Qc6 Qd7 43. Qxd7 Rxd7 44. a4 Bb2 45. Rc2 c3 46. axb5 f6 47. b6 Kg7 48. Kf1 Kf7 49. Ke2 Ke6 50. Kd3 Kd5 51. Be3 Kxd6 52. Kc4 Kc6 53. Kb3 Kb5 54. Bd4 Rxd4 55. b7 Rd8 56. f4 Kb6 0-1


[Site "https://www.chess.com"]

[Event "Titled Tuesday Blitz May 16 Late 2023"]
[White "Janaszak, Dawid"]
[Black "Kielinkei"]
[WhiteFideId "1119206"]
[WhiteElo "2220"]
[BlackElo "2428"]
[Result "0-1"]
[Round "08"]
[TimeControl "180+2"]
[Date "2023.05.16"]
[WhiteClock "0:00:28"]
[BlackClock "0:00:08"]

1. d4 Nf6 2. Bg5 c5 3. d5 g6 4. Nc3 Bg7 5. e4 d6 6. Qd2 h6 7. Bh4 a6 8. a4 Nbd7 9. f4 Qc7 10. Nf3 O-O 11. Bc4 Re8 12. O-O e6 13. dxe6 fxe6 14. e5 dxe5 15. fxe5 Ng4 16. Ne4 Ndxe5 17. Nxe5 Qxe5 18. Qf4 Qxf4 19. Rxf4 Ne3 20. Bd3 c4 21. Be2 g5 22. Nf6+ Bxf6 23. Rxf6 gxh4 24. Re1 Rf8 25. Rg6+ Kh7 26. Bh5 Nf5 27. Re4 Bd7 28. Rxc4 Ng7 29. Rc7 Nxh5 30. Rxe6 Rf7 31. Rxb7 Bxe6 0-1


[Site "https://www.chess.com"]

[Event "Titled Tuesday Blitz May 16 Late 2023"]
[White "Bruedigam, Martin"]
[Black "ArchibaldCerveza29"]
[WhiteFideId "24608033"]
[WhiteElo "2331"]
[BlackElo "2377"]
[Result "1-0"]
[Round "08"]
[TimeControl "180+2"]
[Date "2023.05.16"]
[WhiteClock "0:00:38"]
[BlackClock "0:00:07"]

1. d4 d5 2. c4 e6 3. Nc3 Nf6 4. cxd5 exd5 5. Bg5 c6 6. e3 h6 7. Bh4 Bd6 8. Bd3 O-O 9. Nf3 Re8 10. O-O Bg4 11. Qb3 Bxf3 12. gxf3 Qc7 13. Bg3 Re7 14. Rac1 Qd8 15. Kh1 Bxg3 16. hxg3 Qd6 17. Kg2 Nbd7 18. Rh1 Nf8 19. Ne2 Ne6 20. Qc2 Rae8 21. a3 Qd7 22. b4 a6 23. a4 Nc7 24. Rb1 Ra8 25. Rhc1 Qe8 26. Qb3 g6 27. b5 axb5 28. axb5 cxb5 29. Bxb5 Nxb5 30. Qxb5 Qd8 31. Rb2 Ra3 32. Qc5 Ra6 33. Rcb1 Qd7 34. Rxb7 Qxb7 35. Rxb7 Rxb7 36. Qc8+ Kg7 37. Qxb7 Ra2 38. Nf4 g5 39. Nxd5 Kg6 40. Qc6 Kh7 41. Qxf6 Ra7 42. Ne7 g4 43. Qxf7+ 1-0


[Site "https://www.chess.com"]

[Event "Titled Tuesday Blitz May 16 Late 2023"]
[White "Jovic, Stanoje"]
[Black "Weber, Samuel"]
[WhiteFideId "905020"]
[BlackFideId "12924008"]
[WhiteElo "2236"]
[BlackElo "2162"]
[Result "0-1"]
[Round "08"]
[TimeControl "180+2"]
[Date "2023.05.16"]
[WhiteClock "0:00:00"]
[BlackClock "0:01:02"]

1. c4 Nf6 2. g3 e6 3. Bg2 c5 4. Nf3 Nc6 5. O-O b6 6. Nc3 Bb7 7. Re1 Be7 8. e4 d6 9. d4 cxd4 10. Nxd4 Nxd4 11. Qxd4 O-O 12. b3 Rc8 13. Bb2 a6 14. Rad1 Qc7 15. h3 Rfe8 16. Kh2 h5 17. f4 h4 18. g4 d5 19. e5 Bc5 20. Qd2 d4 21. exf6 dxc3 22. Qxc3 Qxf4+ 23. Kh1 Bxg2+ 24. Kxg2 Rcd8 25. Rf1 Qe4+ 26. Qf3 Qc2+ 27. Kh1 Qxb2 28. fxg7 Qxg7 29. g5 Rxd1 30. Rxd1 Qxg5 31. b4 Be3 32. Re1 Bd4 33. Qe4 e5 34. c5 bxc5 35. bxc5 Qg3 0-1


[Site "https://www.chess.com"]

[Event "Titled Tuesday Blitz May 16 Late 2023"]
[White "Molenda, Marcin"]
[Black "Carrasco Miranda, Andres"]
[WhiteFideId "1173065"]
[BlackFideId "3405990"]
[WhiteElo "2286"]
[BlackElo "2183"]
[Result "1-0"]
[Round "08"]
[TimeControl "180+2"]
[Date "2023.05.16"]
[WhiteClock "0:01:48"]
[BlackClock "0:01:18"]

1. c4 Nf6 2. g3 g6 3. Bg2 Bg7 4. Nc3 O-O 5. d4 d6 6. h3 Nc6 7. Nf3 e5 8. Be3 Bf5 9. O-O Ne4 10. Rc1 Nxc3 11. Rxc3 Be4 12. d5 Ne7 13. Bg5 f6 14. Bc1 c5 15. dxc6 bxc6 16. b4 a5 17. b5 cxb5 18. cxb5 d5 19. a4 d4 20. Rc5 Rc8 21. Ba3 Rf7 22. Qd2 Rxc5 23. Bxc5 Nd5 24. Nxe5 fxe5 25. Bxe4 Nc3 26. Bg2 Nxa4 27. Ba3 Nc3 28. Qb2 e4 29. b6 Rb7 30. Bc5 Na4 31. Qb3+ Kh8 32. Qxa4 1-0


[Site "https://www.chess.com"]

[Event "Titled Tuesday Blitz May 16 Late 2023"]
[White "Ognean, Mihnea-Ionut"]
[Black "Szente Varga, Fruzsina"]
[WhiteFideId "1232347"]
[BlackFideId "712264"]
[WhiteElo "2215"]
[BlackElo "1994"]
[Result "1-0"]
[Round "08"]
[TimeControl "180+2"]
[Date "2023.05.16"]
[WhiteClock "0:01:21"]
[BlackClock "0:00:17"]

1. d4 Nf6 2. Nf3 g6 3. c4 Bg7 4. Nc3 O-O 5. e4 d6 6. Be2 e5 7. d5 Nbd7 8. Bg5 h6 9. Be3 Ng4 10. Bd2 f5 11. exf5 gxf5 12. g3 e4 13. Nh4 Nde5 14. Ng2 e3 15. Nxe3 Nxf2 16. Kxf2 f4 17. Ke1 fxe3 18. Bxe3 Qe7 19. Qd2 Bg4 20. Rf1 Bxe2 21. Qxe2 Nxc4 22. Bf4 Qxe2+ 23. Kxe2 Nxb2 24. Nb5 Rae8+ 25. Kf3 Rf7 26. Rac1 Ref8 27. Rxc7 Nd3 28. Rxf7 Rxf7 29. Nxd6 Rd7 30. Nf5 Nxf4 31. gxf4 Rxd5 32. Ne7+ 1-0


[Site "https://www.chess.com"]

[Event "Titled Tuesday Blitz May 16 Late 2023"]
[White "Ladan, Nicholas"]
[Black "Celestino, Rafael Teixeira"]
[WhiteFideId "30918855"]
[BlackFideId "2108925"]
[WhiteElo "2167"]
[BlackElo "2340"]
[Result "1-0"]
[Round "08"]
[TimeControl "180+2"]
[Date "2023.05.16"]
[WhiteClock "0:01:07"]
[BlackClock "0:01:49"]

1. d4 Nf6 2. Nf3 e6 3. g3 d5 4. Bg2 c5 5. O-O Nc6 6. c4 dxc4 7. dxc5 Qxd1 8. Rxd1 Bxc5 9. Nbd2 O-O 10. Nxc4 b5 11. Nfe5 Nxe5 12. Nxe5 Rb8 13. Nc6 Rb6 14. b4 Rxc6 15. Bxc6 Bxb4 16. Rb1 a5 17. a3 Bc5 18. Rxb5 Ba7 19. Rxa5 Bb6 20. Rb5 Bc7 21. a4 Ba6 22. Rb2 Rc8 23. Bb5 Bb7 24. Bf4 e5 25. Be3 Ba5 26. Bd7 Rc7 27. Bf5 g6 28. Bb1 Ng4 29. Bb6 Bxb6 30. Rxb6 Bc6 31. a5 Ba4 32. Re1 Ra7 33. a6 Kg7 34. Rb4 Bd7 35. Rb7 Rxb7 36. axb7 1-0


[Site "https://www.chess.com"]

[Event "Titled Tuesday Blitz May 16 Late 2023"]
[White "Geivondian, Arman"]
[Black "Rose, Felix"]
[WhiteFideId "24102032"]
[BlackFideId "5105722"]
[WhiteElo "2278"]
[BlackElo "2039"]
[Result "1-0"]
[Round "08"]
[TimeControl "180+2"]
[Date "2023.05.16"]
[WhiteClock "0:02:24"]
[BlackClock "0:00:40"]

1. e4 e5 2. Nf3 Nc6 3. Nc3 Nf6 4. h3 d5 5. exd5 Nxd5 6. Bb5 Nxc3 7. bxc3 Bd6 8. O-O O-O 9. Re1 Bd7 10. Bxc6 Bxc6 11. Nxe5 Bxe5 12. Rxe5 Re8 13. Rxe8+ Qxe8 14. d4 Rd8 15. Bd2 Bd5 16. Qg4 Qe4 17. Qxe4 Bxe4 18. Re1 Bxc2 19. Bf4 f6 20. Re7 c5 21. dxc5 Rc8 22. Bd6 b6 23. Rxa7 bxc5 24. g4 c4 25. h4 Be4 26. g5 fxg5 27. hxg5 Rc6 28. Be5 Rg6 29. f4 h6 30. Kf2 hxg5 31. Ke3 Bd3 32. fxg5 Rxg5 33. Bd4 Kh7 34. a4 Rg1 35. Kf4 Rg2 36. a5 Kh6 37. Kf3 Rg5 38. Be3 g6 39. a6 1-0


[Site "https://www.chess.com"]

[Event "Titled Tuesday Blitz May 16 Late 2023"]
[White "Liu, Eric"]
[Black "Georg, Heinz"]
[WhiteFideId "30960240"]
[BlackFideId "4607295"]
[WhiteElo "2094"]
[BlackElo "2316"]
[Result "1-0"]
[Round "08"]
[TimeControl "180+2"]
[Date "2023.05.16"]
[WhiteClock "0:01:23"]
[BlackClock "0:00:00"]

1. b3 e5 2. Bb2 Nc6 3. e3 Nf6 4. h4 e4 5. h5 h6 6. d3 d5 7. dxe4 Nxe4 8. Nf3 Bg4 9. a3 Nf6 10. Nbd2 Bd6 11. Be2 Qe7 12. c4 O-O 13. Bxf6 Qxf6 14. cxd5 Ne5 15. Ne4 Qe7 16. Nxd6 cxd6 17. Nd4 Bd7 18. O-O Qh4 19. Qd2 Bg4 20. Bxg4 Nxg4 21. Nf3 Qxh5 22. Qb4 Rfd8 23. Rac1 Nf6 24. e4 Qg4 25. Rc4 Rab8 26. e5 Nxd5 27. Rxg4 Nxb4 28. Rxb4 dxe5 29. Nxe5 Re8 30. Nd7 1-0


[Site "https://www.chess.com"]

[Event "Titled Tuesday Blitz May 16 Late 2023"]
[White "Tomaszewski, Kacper"]
[Black "Cooklev, Steven"]
[WhiteFideId "1127373"]
[BlackFideId "2050552"]
[WhiteElo "2211"]
[BlackElo "2298"]
[Result "1-0"]
[Round "08"]
[TimeControl "180+2"]
[Date "2023.05.16"]
[WhiteClock "0:00:05"]
[BlackClock "0:00:00"]

1. Nf3 Nf6 2. e3 d5 3. b3 g6 4. Bb2 Bg7 5. c4 c6 6. Be2 O-O 7. O-O Na6 8. d4 Bg4 9. Nbd2 Rc8 10. h3 Bxf3 11. Nxf3 Ne4 12. Rc1 e6 13. Ba3 Re8 14. Nd2 Qa5 15. Nb1 Nb4 16. Qe1 c5 17. cxd5 exd5 18. dxc5 Nc6 19. b4 Qd8 20. b5 Ne5 21. Bb4 d4 22. exd4 Qxd4 23. a3 Nd3 24. Bxd3 Qxd3 25. Qd1 Qxb5 26. Qf3 Bd4 27. Nc3 Nxc3 28. Bxc3 Bxc3 29. Qxc3 Re6 30. Rb1 Qxc5 31. Qxc5 Rxc5 32. Rxb7 Ra5 33. Rc1 Rxa3 34. Rc8+ Kg7 35. Rcc7 Rf6 36. Rxa7 Rxa7 37. Rxa7 h5 38. Ra2 Rf5 39. Kh2 g5 40. Kg3 Kg6 41. Ra6+ f6 42. Ra2 h4+ 43. Kh2 Rf4 44. g3 hxg3+ 45. Kxg3 Rd4 46. Ra6 Rb4 47. f3 Rd4 48. Ra8 Rb4 49. Re8 Rd4 50. Re4 1-0


[Site "https://www.chess.com"]

[Event "Titled Tuesday Blitz May 16 Late 2023"]
[White "Magallanes, Rey Jomar"]
[Black "Shapiro, Viktor"]
[WhiteFideId "5205948"]
[BlackFideId "4175700"]
[WhiteElo "2283"]
[BlackElo "2152"]
[Result "0-1"]
[Round "08"]
[TimeControl "180+2"]
[Date "2023.05.16"]
[WhiteClock "0:00:59"]
[BlackClock "0:00:22"]

1. e4 c5 2. Nf3 d6 3. d4 cxd4 4. Nxd4 Nf6 5. Nc3 a6 6. Be2 e5 7. Nb3 Be6 8. O-O Nbd7 9. Qd3 Qc7 10. Bd2 Rc8 11. Rac1 b5 12. Nd5 Bxd5 13. exd5 Be7 14. Na5 Nc5 15. Qe3 Nxd5 16. Qf3 Nf6 17. c4 b4 18. Bxb4 O-O 19. Bc3 Nce4 20. Be1 Qb6 21. b4 d5 22. c5 Qa7 23. Qd3 Rfd8 24. f3 Ng5 25. Bf2 d4 26. Qxa6 Qc7 27. Qd3 Nd5 28. Nc4 Nxb4 29. Qf5 f6 30. h4 Nf7 31. a3 Nd5 32. Nb6 Rb8 33. Nxd5 Rxd5 34. Bc4 Rxc5 35. Qe6 Bf8 36. f4 Rb6 37. Qe8 Rbc6 38. Bxf7+ Qxf7 39. Qxf7+ Kxf7 40. Rxc5 Rxc5 41. fxe5 Rxe5 42. Bxd4 Ra5 43. Bb2 Bxa3 44. Bxa3 Rxa3 45. Rd1 Ra5 46. Rd7+ Kg6 47. Kf2 h5 48. Kf3 Ra4 49. g3 Ra3+ 50. Kf4 Ra4+ 51. Kf3 Kh6 52. Rd6 Ra3+ 53. Kf4 Ra5 54. Kf3 Re5 55. g4 hxg4+ 56. Kxg4 Re4+ 57. Kg3 Kg6 58. Rd7 Rb4 59. h5+ Kh6 60. Re7 Rb5 61. Kg4 Rg5+ 62. Kf4 Rxh5 63. Re8 Ra5 64. Rh8+ Kg6 65. Rh1 Ra4+ 66. Kf3 Kf7 67. Rh7 Kg8 68. Rh1 g5 69. Rh6 Kg7 70. Rh1 Kg6 71. Rg1 f5 72. Kg3 Ra3+ 73. Kh2 g4 74. Rg3 Rxg3 75. Kxg3 Kg5 76. Kg2 f4 77. Kg1 Kh4 78. Kf1 Kh3 79. Kg1 f3 80. Kh1 g3 81. Kg1 g2 82. Kf2 Kh2 83. Kxf3 g1=Q 84. Ke4 Qf2 85. Kd5 Qe3 86. Kc6 Qd4 87. Kb5 Qc3 88. Kb6 Qc4 89. Kb7 Qc5 90. Kb8 Qe7 91. Kc8 Kg3 92. Kb8 Kf4 93. Ka8 Ke5 94. Kb8 Kd5 95. Kc8 Kc6 96. Kb8 Qb7# 0-1


[Site "https://www.chess.com"]

[Event "Titled Tuesday Blitz May 16 Late 2023"]
[White "Rottenwohrer Suarez, Juan"]
[Black "Kovacevic, Radmila"]
[WhiteFideId "32068182"]
[BlackFideId "933171"]
[WhiteElo "2174"]
[BlackElo "2194"]
[Result "1-0"]
[Round "08"]
[TimeControl "180+2"]
[Date "2023.05.16"]
[WhiteClock "0:00:38"]
[BlackClock "0:00:31"]

1. Nf3 g6 2. g3 h5 3. h4 Bh6 4. Bg2 d5 5. d4 Bxc1 6. Qxc1 c5 7. O-O cxd4 8. Nxd4 e5 9. Nb3 Ne7 10. Rd1 Be6 11. c4 d4 12. Bxb7 Nbc6 13. Bxa8 Qxa8 14. Nc5 Bg4 15. f3 Bc8 16. Qg5 O-O 17. Nd2 Nf5 18. Nde4 a6 19. Nf6+ Kh8 20. g4 Nce7 21. gxf5 Nxf5 22. Nce4 Qa7 23. Nd6 d3+ 24. Kh1 Rd8 25. Nxf5 1-0


[Site "https://www.chess.com"]

[Event "Titled Tuesday Blitz May 16 Late 2023"]
[White "Womacka, Mathias"]
[Black "Florianovitz, Derlei Alex"]
[WhiteFideId "4611390"]
[BlackFideId "2114178"]
[WhiteElo "2377"]
[BlackElo "1953"]
[Result "1-0"]
[Round "08"]
[TimeControl "180+2"]
[Date "2023.05.16"]
[WhiteClock "0:00:08"]
[BlackClock "0:00:04"]

1. e4 e6 2. d4 d5 3. Nd2 c5 4. exd5 Qxd5 5. Ngf3 cxd4 6. Bc4 Qd7 7. O-O Nc6 8. Nb3 a6 9. Nbxd4 Nxd4 10. Nxd4 Qc7 11. Bb3 Bd6 12. h3 Bd7 13. Qf3 Nf6 14. Bg5 Bh2+ 15. Kh1 Be5 16. Rad1 O-O-O 17. Rfe1 h6 18. Bc1 Bxd4 19. Rxd4 Bc6 20. Rxd8+ Rxd8 21. Qf4 Qxf4 22. Bxf4 Nd5 23. Bc1 Ne7 24. c3 Nf5 25. Kg1 Nh4 26. f3 b5 27. Kf2 Bd5 28. Bf4 Nf5 29. Bc2 Ne7 30. a3 Kb7 31. Rd1 Nc6 32. h4 Bc4 33. Rxd8 Nxd8 34. h5 f6 35. Bd6 e5 36. Bf5 Be6 37. Be4+ Kc8 38. Bf8 f5 39. Bc2 Nf7 40. Bxg7 Kd7 41. Bf6 Kd6 42. Ke3 Bd7 43. Bb3 Be6 44. Bc2 Bd7 45. g3 Ke6 46. Bg7 Ke7 47. Bb3 Be6 48. Bd1 Bd7 49. Be2 Be6 50. a4 Bd7 51. axb5 axb5 52. b3 Ke6 53. c4 b4 54. Bf8 Nd6 55. Bd3 e4 56. fxe4 fxe4 57. Bxe4 Nxe4 58. Kxe4 Be8 59. g4 Bxh5 60. gxh5 Kf7 61. Bxh6 Kf6 62. Bd2 Kg7 63. Bxb4 Kh6 64. Bc3 Kxh5 65. b4 Kg6 66. b5 Kf7 67. b6 Ke8 68. b7 Kd7 69. b8=Q Kc6 70. Qb5+ 1-0


[Site "https://www.chess.com"]